 Dungeon Crawl Stone Soup version 0.22.1-2-g9c5b331 (webtiles) character file.

9063 Gearfox the Cleaver (level 11, -11/229 HPs)
             Began as a Hill Orc Fighter on Dec 6, 2018.
             Was a Priest of Makhleb.
             Mangled by an orc warlord
             ... wielding a +1 great sword of slicing
              (13 damage)
             ... on level 9 of the Dungeon.
             The game lasted 00:46:02 (13707 turns).

Gearfox the Cleaver (Hill Orc Fighter)             Turns: 13707, Time: 00:46:03

Health: -11/229    AC: 25    Str: 25 (28) XL:     11   Next: 40%
Magic:  15/15      EV:  2    Int:  5 (8)  God:    Makhleb [***...]
Gold:   662        SH: 11    Dex:  9 (10) Spells: 10/10 levels left

rFire    . . .     SeeInvis .   a - +2 war axe
rCold    . . .     Gourm    .   c - +1 shield
rNeg     + + +     Faith    .   (armour currently unavailable)
rPois    +         Spirit   .   (helmet currently unavailable)
rElec    .         Reflect  .   (cloak currently unavailable)
rCorr    .         Harm     .   (gloves currently unavailable)
MR       .....     NoTele   +   (boots currently unavailable)
Stlth    ..........             (no amulet)
HPRegen  0.48/turn              r - ring of positive energy
MPRegen  0.14/turn              (no ring)

@: berserking, tree-form, drained, very quick
A: no striking features
a: Minor Destruction, Lesser Servant of Makhleb, Renounce Religion


You were on level 9 of the Dungeon.
You worshipped Makhleb.
Makhleb was most pleased with you.
You were very full.
You were a tree.
You visited 2 branches of the dungeon, and saw 10 of its levels.

You collected 662 gold pieces.

Inventory:

Hand Weapons
 a - a +2 war axe (weapon)
 j - a +0 flail
Armour
 c - a +1 shield (worn)
 d - a +0 plate armour
 i - a +0 pair of boots (melded)
 n - a +1 plate armour (melded)
 x - a +0 cloak (melded)
Jewellery
 k - an uncursed ring of wizardry
 r - a ring of positive energy (left branch)
 t - an uncursed amulet of the gourmand
 w - an uncursed amulet of magic regeneration {unknown}
Wands
 p - a wand of flame (28)
 q - a wand of random effects (20)
 u - a wand of digging (16)
 v - a wand of acid (19)
Scrolls
 h - 2 scrolls of teleportation
 m - a scroll of fog
Potions
 b - 2 potions of flight
 e - 3 potions of agility
 o - 4 potions of brilliance
 A - a potion of heal wounds {unknown}
Comestibles
 f - 15 rations


   Skills:
 * Level 11.5(11.3) Fighting
 - Level 12.3(12.1) Axes
 - Level 9.1(8.9) Armour
 - Level 6.3(6.1) Shields
 - Level 6.1(5.9) Invocations
 * Level 4.7(4.5) Evocations


You had 10 spell levels left.
You didn't know any spells.
Your spell library contained the following spells:

 Spells                   Type           Power        Failure   Level  Hunger
 Animate Skeleton         Necr           N/A          86%         1    ##.....
 Apportation              Tloc           #.....       86%         1    ##.....
 Confusing Touch          Hex            #.....       86%         1    ##.....
 Summon Small Mammal      Summ           #...         86%         1    ##.....


Dungeon Overview and Level Annotations

Branches:
Dungeon (9/15)             Temple (0/1) D:6             Orc (1/2) D:9
   Lair: D:8-11

Altars:
Cheibriados
Makhleb
Qazlal
Trog

Annotations:
D:7 2 transporters


Message History

Unknown command.
Unknown command.
You barely miss the orc warlord.
The orc warlord is lightly wounded.
Your smoke demon hits the orc warlord.
Your smoke demon hits the orc warlord but does no damage. x2
Your smoke demon barely misses the orc warlord.
Your smoke demon hits the orc warlord but does no damage. x2
The orc warlord hits you but does no damage.
It was a potion of berserk rage.
A red film seems to cover your vision as you go berserk!
You feel yourself moving faster!
You feel mighty!
Your smoke demon hits the orc warlord but does no damage. x4
Your smoke demon barely misses the orc warlord.
Your smoke demon hits the orc warlord but does no damage.
You cannot move.
You slice the orc warlord!!
The orc warlord is moderately wounded.
The orc warlord hits you with a great sword of slicing!
You die...

...............)...####.......# #
.................###..........# #
..........##'#######'##.......###
..........#...# #...#).........
######'##.#.8.# #(8['..####))..
###.####...## ##)))#)(# #....
#......##.#'###'####.(# #....
#....####.##o3.## #..# #....
####....# #.##3♣)# #..# #....
#.......####.##)[)## #..# #<...
#.........##.#'###'####..# #....
#....####.#...# ##...#..# #....
#....# #.#.8.# #.8.#..# #....
#....# #.'...# #...#..# ####.
#....# #.##.## ##'##.## #. #....#
#....# #....# #. ###### ######
###### #.


You could see an orc warlord and 2 friendly smoke demons.

Vanquished Creatures
  A rakshasa (D:9)
  A two-headed ogre (D:8)
  Erica (D:7)
  An ugly thing (D:9)
  2 trolls (D:9)
  2 shadows (D:9)
  A basilisk (D:9)
  2 wargs
  A water moccasin (D:8)
  7 orc warriors
  An ice beast (D:9)
  2 sky beasts
  A necrophage (D:6)
  2 phantoms (D:5)
  2 ogres
  3 centaurs
  A big kobold (D:8)
  2 scorpions
  15 killer bees
  4 wights
  3 howler monkeys
  3 crimson imps
  2 bullfrog zombies (D:6)
  2 centaur zombies
  2 jellies
  Crazy Yiuf (D:7)
  2 hounds
  9 orc priests
  3 bullfrog skeletons
  Terence (D:2)
  An iguana (D:5)
  Ijyb (D:4)
  7 orc wizards
  3 worker ants
  4 hound skeletons
  2 worker ant zombies (D:6)
  7 adders
  A gnoll (D:1)
  A shadow imp (D:6)
  2 adder skeletons
  4 worms
  2 dart slugs (D:3)
  6 leopard geckos
  54 orcs
  6 giant cockroaches
  7 hobgoblins
  14 jackals
  4 quokkas
  A ball python (D:4)
  6 bats
  2 frilled lizards
  8 goblins
  7 kobolds
  A leopard gecko zombie (D:3)
  2 quokka skeletons
  2 quokka zombies (D:6)
  7 rats
242 creatures vanquished.

Vanquished Creatures (collateral kills)
  An ugly thing (D:9)
  An orc sorcerer (D:9)
  A manticore (D:9)
  A deep elf mage (D:9)
  A kobold demonologist (D:9)
  A queen bee (D:9)
  An orc warrior (D:9)
  An ogre (D:9)
  A killer bee (D:9)
  A crimson imp (D:9)
  2 orcs (D:9)
12 creatures vanquished.

Grand Total: 254 creatures vanquished

Notes
Turn   | Place    | Note
-------+----------+-------------------------------------------
     0 | D:1      | Gearfox the Hill Orc Fighter began the quest for the Orb.
     0 | D:1      | Reached XP level 1. HP: 19/19 MP: 1/1
   241 | D:1      | Reached skill level 3 in Axes
   289 | D:1      | Reached skill level 4 in Axes
   289 | D:1      | Reached XP level 2. HP: 24/26 MP: 2/2
   639 | D:1      | Reached XP level 3. HP: 28/31 MP: 3/3
  1066 | D:2      | Reached skill level 5 in Axes
  1294 | D:2      | Found a burning altar of Makhleb.
  1312 | D:2      | Became a worshipper of Makhleb the Destroyer
  1888 | D:2      | Reached XP level 4. HP: 39/39 MP: 4/4
  1945 | D:2      | Noticed Terence
  1950 | D:2      | Killed Terence
  1950 | D:2      | Reached skill level 6 in Axes
  2818 | D:3      | Reached XP level 5. HP: 42/45 MP: 5/5
  2873 | D:3      | Reached skill level 7 in Axes
  3096 | D:3      | Noticed a moth of wrath
  3099 | D:3      | Found a bloodstained altar of Trog.
  3441 | D:4      | Noticed Ijyb
  3462 | D:4      | Killed Ijyb
  3753 | D:4      | Reached skill level 8 in Axes
  3753 | D:4      | Reached XP level 6. HP: 51/51 MP: 6/6
  3887 | D:4      | Reached * piety under Makhleb
  4120 | D:5      | Entered Level 5 of the Dungeon
  4498 | D:5      | Noticed a phantom
  4537 | D:5      | Killed a phantom
  4537 | D:5      | Reached XP level 7. HP: 55/60 MP: 7/7
  4649 | D:5      | Reached skill level 5 in Fighting
  4653 | D:5      | Reached skill level 5 in Armour
  5290 | D:5      | Reached XP level 8. HP: 46/70 MP: 8/8
  6093 | D:6      | Reached ** piety under Makhleb
  6605 | D:6      | Found a staircase to the Ecumenical Temple.
  6994 | D:7      | Reached XP level 9. HP: 78/79 MP: 9/9
  7160 | D:7      | Found a transporter.
  7222 | D:7      | Found a transporter.
  7640 | D:7      | Found a runed door.
  7644 | D:7      | Noticed Crazy Yiuf
  7652 | D:7      | Killed Crazy Yiuf
  8073 | D:8      | Reached *** piety under Makhleb
  8075 | D:8      | Noticed Erica
  8097 | D:7      | Killed Erica
  8097 | D:7      | Reached skill level 9 in Axes
  8389 | D:8      | Found a snail-covered altar of Cheibriados.
  8410 | D:8      | Found a stormy altar of Qazlal.
  8907 | D:8      | Reached skill level 10 in Axes
  8921 | D:8      | Reached skill level 1 in Invocations
  9230 | D:9      | Noticed a queen bee
  9591 | D:9      | Noticed a deep elf mage
  9679 | D:9      | Reached skill level 11 in Axes
  9679 | D:9      | Reached XP level 10. HP: 64/88 MP: 11/11
  9692 | D:9      | Killed a deep elf mage
  9695 | D:9      | Noticed a two-headed ogre
  9695 | D:9      | Noticed a rakshasa
  9794 | D:8      | Killed a two-headed ogre
  9794 | D:8      | Reached skill level 12 in Axes
  9968 | D:9      | Noticed a kobold demonologist
  9970 | D:9      | Killed a rakshasa
  9972 | D:9      | Noticed a rust devil
 10132 | D:9      | Noticed a smoke demon
 10135 | D:9      | Killed a kobold demonologist
 10135 | D:9      | Reached skill level 1 in Evocations
 10271 | D:9      | Noticed a brown ugly thing
 10277 | D:9      | Noticed a brown ugly thing
 10290 | D:9      | Killed a brown ugly thing
 10306 | D:9      | Killed a brown ugly thing
 10889 | D:9      | Noticed a manticore
 10911 | D:9      | Killed a manticore
 10911 | D:9      | Reached XP level 11. HP: 26/99 MP: 15/15
 11361 | D:9      | Reached skill level 10 in Fighting
 12320 | D:9      | Found a staircase to the Orcish Mines.
 12615 | Orc:1    | Entered Level 1 of the Orcish Mines
 13203 | D:9      | Reached **** piety under Makhleb
 13432 | Orc:1    | Noticed an orc sorcerer
 13433 | Orc:1    | Noticed an orc sorcerer
 13437 | Orc:1    | Noticed an orc warlord
 13442 | Orc:1    | Paralysed by an orc sorcerer for 3 turns
 13460 | D:9      | Killed an orc sorcerer
 13703 | D:9      | HP: 5/153 [orc warrior/battleaxe (18)]
 13704 | D:9      | HP: 2/153 [orc warlord/great sword of slicing (4)]
 13707 | D:9      | Mangled by an orc warlord

Skill      XL: |  1  2  3  4  5  6  7  8  9 10 11 |
---------------+----------------------------------+-----
Axes           | 4 5 6 8 11 12 | 12.3
Fighting       | 4 6 8 9 11 | 11.5
Armour         | 4 6 8 9 |  9.1
Shields        | 6 |  6.3
Invocations    | 2 6 |  6.1
Evocations     | 3 4 |  4.7

Action                   |  1- 3 |  4- 6 |  7- 9 | 10-12 || total
-------------------------+-------+-------+-------+-------++-------
Melee: War axe           |   122 |   181 |   368 |   319 ||   990
Invok: Lesser Servant of |       |       |     1 |     8 ||     9
Evoke: Wand              |       |       |       |     5 ||     5
  Use: Scroll            |     5 |     6 |     6 |     1 ||    18
       Potion            |       |       |     2 |     4 ||     6
 Stab: Distracted        |       |       |       |     1 ||     1
  Eat: Chunk             |     3 |     8 |     7 |    11 ||    29
       Ration            |       |       |     3 |     3 ||     6
Armor: Scale mail        |    79 |    15 |       |       ||    94
       Plate armour      |       |    93 |   233 |   173 ||   499
       Skin              |       |       |       |     2 ||     2
Dodge: Dodged            |    46 |    23 |    73 |    68 ||   210
Block: Shield            |   103 |   116 |   237 |   196 ||   652
